 Dungeon Crawl Stone Soup version 0.31.0-32-g396128a36d (webtiles) character file.

Game seed: 11082292352098787522

3860 spaghetti the Basher (level 9, -12/65 HPs)
             Began as a Demonspawn Chaos Knight on Mar 21, 2024.
             Was a Plaything of Xom.
             Mangled by an orc warrior
             ... wielding a +0 glaive
              (18 damage)
             ... on level 8 of the Dungeon.
             The game lasted 00:10:04 (6145 turns).

spaghetti the Basher (Demonspawn Chaos Knight)      Turns: 6145, Time: 00:10:04

Health: -12/65     AC: 12    Str: 23    XL:     9   Next: 99%
Magic:  9/9        EV: 10    Int:  9    God:    Xom [.*....]
Gold:   2          SH:  0    Dex: 17    Spells: 8/8 levels left

rFire   . . .        i - +0 eveningstar (elec)
rCold   + . .        (no shield)
rNeg    . . .        c - +2 chain mail {rC+}
rPois   +            (helmet restricted)
rElec   .            (no cloak)
rCorr   .            (no gloves)
SInv    +            v - +1 pair of boots {Fly}
Will    .....        f - amulet of regeneration Stlth
                     s - +6 ring of dexterity
HPRegen 1.10/turn    j - ring of Kappuh {rPois Str+2 Int-3 SInv}
MPRegen 0.11/turn

%: no passive effects
@: flying, studying Fighting
A: antennae 2, repulsion field 1, demonic guardian 1, mutation resistance 1,
strong 1
a: Renounce Religion


You were on level 8 of the Dungeon.
You worshipped Xom.
You were a plaything of Xom.
You visited 1 branch of the dungeon, and saw 8 of its levels.

You collected 1325 gold pieces.
You spent 1323 gold pieces at shops.

Inventory:

Hand Weapons
 a - a +0 short sword of chaos
 i - a +0 eveningstar of electrocution (weapon)
Armour
 c - a +2 chain mail of cold resistance (worn)
 v - a +1 pair of boots of flying (worn)
Jewellery
 b - a ring of fire
 f - an amulet of regeneration (around neck)
 h - a ring of protection from fire
 j - the ring of Kappuh (right hand) {rPois Str+2 Int-3 SInv}
   (You found it on level 3 of the Dungeon)

   [ring of poison resistance]

   Str+2:     It affects your strength (+2).
   Int-3:     It affects your intelligence (-3).
   rPois:     It protects you from poison SInv: It lets you see invisible.
 l - a ring of flight
 n - a ring of protection from cold
 s - a +6 ring of dexterity (left hand)
 E - an amulet of faith
Wands
 t - a wand of flame (19)
 u - a wand of light (25)
 A - a wand of mindburst (16)
Scrolls
 d - 2 scrolls of amnesia
 o - a scroll of teleportation
 r - a scroll of brand weapon
 w - a scroll of poison
 y - a scroll of enchant armour
 C - a scroll of revelation
Potions
 e - 2 potions of curing
 g - a potion of resistance
 k - 2 potions of brilliance
 m - 4 potions of ambrosia
 p - 3 potions of enlightenment
 q - a potion of might
 x - a potion of degeneration
 z - 2 potions of heal wounds
 F - a potion of attraction {unknown}


   Skills:
 - Level 3.8 Fighting
 - Level 2.6 Short Blades
 + Level 12.8 Maces & Flails
 - Level 1.7 Armour
 - Level 0.8 Dodging


You had 8 spell levels left.
You didn't know any spells.
Your spell library contained the following spells:

 Spells                   Type           Power      Damage    Failure   Level
 Sandblast                Erth           0%         2d4       95%         1
 Sting                    Conj/Alch      0%         1d3       95%         1
 Call Imp                 Summ           0%         N/A       99%         2
 Mercury Vapours          Alch/Air       0%         N/A       99%         2
 Sublimation of Blood     Necr           0%         N/A       99%         2
 Hailstorm                Conj/Ice       0%         3d5       100%        3
 Passwall                 Erth           0%         N/A       100%        3
 Stone Arrow              Conj/Erth      0%         3d7       100%        3
 Summon Ice Beast         Ice/Summ       0%         N/A       100%        3
 Brom's Barrelling Bould  Conj/Erth      0%         2d3       100%        4
 Ignite Poison            Fire/Alch      0%         N/A       100%        4
 Olgreb's Toxic Radiance  Alch           0%         N/A       100%        4
 Sticky Flame             Fire/Alch      0%         2d4       100%        4
 Sculpt Simulacrum        Ice/Alch       0%         N/A       100%        6
 Summon Hydra             Summ           0%         N/A       100%        7
 Ignition                 Fire           0%         3d3       100%        8


Dungeon Overview and Level Annotations

Branches:
Dungeon (8/15)             Temple (0/1) D:5
   Lair: D:8-11

Altars:
Ashenzari
Cheibriados
Dithmenos
Gozag
Kikubaaqudgha
Makhleb
Nemelex Xobeh
Okawaru
Sif Muna
Trog
Wu Jian
Xom
Yredelemnul

Shops:
D:5 :(   D:7 :   D:8 ?[

Annotations:
D:3 1 runed translucent door


Innate Abilities, Weirdness & Mutations

You have a pair of antennae on your head.
You are surrounded by a mild repulsion field. (EV +2)
A weak demonic guardian rushes to your aid.
You are somewhat resistant to further mutation.
Your muscles are strong. (Str +4, Int/Dex -1)


Message History

The orc warrior hits you from afar with a +0 glaive!
The orc wizard hits you but does no damage.
The orc closely misses you.
The orc wizard hits you but does no damage.
You sock the orc wizard!
You kill the orc wizard!
The orc wizard mumbles some strange words.
The orc wizard flickers and vanishes for a moment.
The orc warrior closely misses you. The orc hits you with a +0 falchion.
You closely miss the orc. The orc warrior completely misses you.
The orc hits you with a +0 falchion.
The orc wizard hits you with a +0 dagger.
You sock the orc!
You kill the orc!
The orc warrior hits you from afar with a +0 glaive!
The orc wizard barely misses you.
You thump the orc wizard!
The orc wizard is severely wounded.
Your iron imp completely misses the orc wizard.
You puncture the orc wizard!
You kill the orc wizard!
The orc warrior hits you but does no damage.
You feel your strength returning.
The orc warrior hits you with a +0 glaive.
Things that are here:
a +0 falchion; an orc corpse You closely miss the orc warrior.
You punch the orc warrior, but do no damage.
Your iron imp barely misses the orc warrior.
The orc warrior hits you with a +0 glaive!
* * * LOW HITPOINT WARNING * * *
Okay, then.
The orc warrior hits you from afar with a +0 glaive!
* * * LOW HITPOINT WARNING * * *
Your iron imp barely misses the orc warrior.
Items here: )) [[ ††.
The orc warrior attacks as it pursues you!
The orc warrior hits you from afar with a +0 glaive!!
You die...
Xom titters!

# #. #.. #.##.##..... #.#.
#.# #.##.#######
...#.#####.##.# #
.######.#.#.....##.#######
..(.......#.######........
#.#...##...<# #########
#.....)..##.#
..._...5).##.##
#......o.@....#
#._..8.....####
#.........## ##....._.##
#..._...# ###...### ####


You could see an orc warrior (ally target) and a friendly iron imp (summoned).

Vanquished Creatures
  A two-headed ogre (D:8)
  The ghost of cdecastro the Trooper, an amateur AtWr of Okawaru (D:3)
  Sigmund (D:5)
  2 steam dragons
  Menkaure (D:5)
  A water moccasin (D:6)
  Duvessa (D:4)
  An orc warrior (D:8)
  An ice beast (D:6)
  An ogre (D:6)
  A centaur (D:8)
  3 phantoms (D:5)
  A kobold brigand (D:8)
  3 bullfrogs
  A scorpion (D:6)
  Dowan (D:4)
  3 wights (D:8)
  5 killer bees (D:7)
  A howler monkey (D:4)
  2 bombardier beetles
  5 hounds
  A jelly (D:6)
  An iron imp (D:5)
  2 gnoll boudas
  2 orc priests
  A sleepcap (D:6)
  3 iguanas
  7 orc wizards
  9 gnolls
  9 adders
  A river rat (D:3)
  2 white imps (D:6)
  2 ufetubi (D:6)
  5 dart slugs
  2 ribbon worms
  17 orcs
  5 endoplasms
  3 giant cockroaches
  11 goblins
  2 hobgoblins
  2 jackals (D:2)
  4 quokkas
  6 ball pythons
  3 bats (D:1)
  5 frilled lizards
  8 kobolds
  9 rats
159 creatures vanquished.

Vanquished Creatures (others)
  An orc (D:5)
1 creature vanquished.

Grand Total: 160 creatures vanquished

Notes
Turn   | Place    | Note
-------+----------+-------------------------------------------
     0 | D:1      | spaghetti the Demonspawn Chaos Knight began the quest for
                  | the Orb.
     0 | D:1      | Reached XP level 1. HP: 18/18 MP: 1/1
    88 | D:1      | XOM: divination: magic mapping
   366 | D:1      | Found a faded altar of an unknown god.
   382 | D:1      | Gained mutation: You have a pair of small antennae on your
                  | head. [demonic ancestry]
   382 | D:1      | Reached XP level 2. HP: 24/24 MP: 2/2
   911 | D:2      | XOM: cast spell 'Fugue of the Fallen'
   915 | D:2      | Reached skill level 1 in Maces & Flails
   966 | D:2      | You fall into a shaft and drop 2 floors!
   966 | D:4      | XOM: 1-stop teleportation journey
   977 | D:4      | Reached XP level 3. HP: 21/30 MP: 3/3
  1032 | D:4      | Reached skill level 2 in Maces & Flails
  1054 | D:4      | Noticed Dowan
  1075 | D:4      | Noticed Duvessa
  1086 | D:4      | Killed Dowan
  1086 | D:4      | XOM: enchant monster (good)
  1087 | D:4      | Reached skill level 3 in Maces & Flails
  1087 | D:4      | Gained mutation: You have a pair of antennae on your head.
                  | [demonic ancestry]
  1087 | D:4      | Reached XP level 4. HP: 19/37 MP: 4/4
  1098 | D:4      | Your ally Duvessa died
  1099 | D:4      | Reached skill level 4 in Maces & Flails
  1099 | D:4      | Reached XP level 5. HP: 36/42 MP: 5/5
  1206 | D:4      | XOM: 2-stop teleportation journey
  1259 | D:4      | Found a sparkling altar of Nemelex Xobeh.
  1259 | D:4      | Found a broken altar of Ashenzari.
  1263 | D:4      | Reached XP level 6. HP: 48/48 MP: 6/6
  1425 | D:4      | Found a snail-covered altar of Cheibriados.
  1617 | D:5      | Entered Level 5 of the Dungeon
  1617 | D:5      | Noticed Grinder
  1625 | D:5      | Grinder changed into Grinder the iron imp
  1625 | D:5      | Noticed Grinder
  1625 | D:5      | XOM: polymorph Grinder -> Grinder the iron imp
  1627 | D:5      | Killed Grinder the iron imp
  1628 | D:5      | Reached skill level 5 in Maces & Flails
  1638 | D:5      | Found Kinus's Antique Weapon Shop.
  1796 | D:5      | XOM: fog
  1863 | D:4      | XOM: give mutations
  1863 | D:4      | Gained mutation: Your system is resistant to poisons.
                  | (rPois) [Xom's grace]
  1863 | D:4      | Gained mutation: Your muscles are strong. (Str +4, Int/Dex
                  | -1) [Xom's grace]
  1863 | D:4      | Gained mutation: You possess an exceptional clarity of
                  | mind. [Xom's grace]
  1863 | D:4      | Gained mutation: You are somewhat resistant to further
                  | mutation. [Xom's grace]
  1896 | D:3      | Found a runed translucent door.
  1921 | D:3      | Reached skill level 6 in Maces & Flails
  1927 | D:3      | Identified the ring of Kappuh {rPois Str+2 Int-3 SInv}
  2066 | D:3      | Reached XP level 7. HP: 48/53 MP: 7/7
  2333 | D:3      | Found a runed translucent door.
  2340 | D:3      | Noticed cdecastro's ghost (amateur AtWr)
  2377 | D:3      | Killed cdecastro's ghost
  2378 | D:3      | Reached skill level 7 in Maces & Flails
  2462 | D:3      | XOM: scenery: 1 doors open, 1 doors close
  2760 | D:2      | Found a shimmering blue altar of Sif Muna.
  3157 | D:2      | XOM: god gift: +6 ring of dexterity
  3187 | D:2      | XOM: noise
  3310 | D:5      | Found a staircase to the Ecumenical Temple.
  3343 | D:5      | XOM: 9-stop teleportation journey
  3402 | D:5      | Noticed Sigmund
  3407 | D:5      | Reached skill level 8 in Maces & Flails
  3410 | D:5      | Killed Sigmund
  3411 | D:5      | Gained mutation: You are surrounded by a mild repulsion
                  | field. (EV +2) [demonic ancestry]
  3411 | D:5      | Reached XP level 8. HP: 52/60 MP: 8/8
  3512 | D:5      | Found Tilo's Self-Improvement Boutique.
  3648 | D:5      | Noticed Menkaure
  3650 | D:5      | Killed Menkaure
  3651 | D:5      | Reached skill level 9 in Maces & Flails
  3813 | D:5      | Found an ancient bone altar of Kikubaaqudgha.
  3823 | D:5      | Reached skill level 10 in Maces & Flails
  4068 | D:6      | Gained mutation: A weak demonic guardian rushes to your
                  | aid. [demonic ancestry]
  4068 | D:6      | Reached XP level 9. HP: 65/65 MP: 9/9
  4079 | D:6      | XOM: summons 5 hostile demons
  4080 | D:6      | Noticed a rust devil
  4080 | D:6      | Noticed a sixfirhy
  4082 | D:6      | XOM: smoke on damage
  4286 | D:7      | XOM: scenery: 1 doors open, 1 doors close
  4339 | D:7      | Found a shadowy altar of Dithmenos.
  4413 | D:7      | Found Hoyraas's Book Shoppe.
  4636 | D:7      | XOM: potion effect (berserk rage)
  4639 | D:7      | Reached skill level 11 in Maces & Flails
  4891 | D:7      | Noticed a moth of wrath
  4894 | D:7      | Found a bloodstained altar of Trog.
  4914 | D:7      | XOM: fake destruction
  4915 | D:7      | XOM: confuse monster(s)
  4951 | D:8      | Found an iron altar of Okawaru.
  5051 | D:8      | XOM: chaos upgrade
  5088 | D:8      | Found Qiebror's Magic Scroll Shoppe.
  5109 | D:8      | Bought a scroll of brand weapon for 104 gold pieces
  5109 | D:8      | Bought a scroll of identify for 22 gold pieces
  5153 | D:8      | Identified a scroll of acquirement
  5156 | D:8      | Noticed a two-headed ogre
  5352 | D:8      | Killed a two-headed ogre
  5353 | D:8      | Reached skill level 12 in Maces & Flails
  5390 | D:8      | Acquired 789 gold pieces
  5508 | D:5      | Bought a manual of Fighting for 1040 gold pieces
  5557 | D:6      | XOM: polymorph ice beast -> goblin
  5774 | D:7      | XOM: enchant monster (good)
  6067 | D:8      | Found Nuadyaci's Antique Armour Shoppe.
  6072 | D:8      | Bought a pair of embroidered boots for 157 gold pieces
  6074 | D:8      | XOM: give mutations
  6074 | D:8      | Lost mutation: Your system is resistant to poisons. (rPois)
                  | [Xom's mischief]
  6074 | D:8      | Lost mutation: You possess an exceptional clarity of mind.
                  | [Xom's mischief]
  6123 | D:8      | Found a shimmering altar of Xom.
  6126 | D:8      | Found a basalt altar of Yredelemnul.
  6127 | D:8      | Found a burning altar of Makhleb.
  6127 | D:8      | Found an opulent altar of Gozag.
  6128 | D:8      | Found an ornate altar of the Wu Jian Council.
  6145 | D:8      | Mangled by an orc warrior

Illustrated notes

Levels and vault maps discovered:
D:1:      dpeg_arrival_simpleton_a, layout_loops_corners,
          hellmonk_ecumenical_altar_zigzags, hangedman_decor_points,
          dreamdust_mushroom_princess, minmay_misc_feat_room, minivault_4
D:2:      layout_basic, basic_altar, amcnicky_mini_corridor_feature
D:3:      layout_rooms, ebering_ghost_sewer_f, minmay_starry_boxes
D:4:      layout_gridville, chei_slow_surprise,
          mainiacjoe_overflow_large_starburst, uniq_duvessa
D:5:      layout_loops_cross, old_standard_altar, minmay_temple_entry_tees,
          nicolae_take_the_stairs, minmay_misc_feat_cross,
          nicolae_shop_self_help, uniq_grinder, uniq_sigmund, uniq_menkaure
D:6:      layout_rooms
D:7:      layout_gridville, tgw_trog, mainiacjoe_overflow_six_doors_small,
          serial_shops, shop, eino_jars
D:8:      layout_basic, old_standard_altar, grunt_temple_overflow_open,
          serial_shops, shop, shop, shop, uniq_jeremiah

Skill      XL: |  1  2  3  4  5  6  7  8  9 |
---------------+----------------------------+-----
Maces & Flails | 1 3 4 6 8 10 12 | 12.8
Fighting       | |  3.8
Short Blades   | |  2.6
Armour         | |  1.7
Dodging        | |  0.8

Action                     |  1- 3 |  4- 6 |  7- 9 || total
---------------------------+-------+-------+-------++-------
  Melee: Short sword       |    35 |       |       ||    35
         Eveningstar       |    24 |    74 |   253 ||   351
         Punch             |     1 |       |     5 ||     6
    Use: Scroll            |     5 |     1 |    11 ||    17
         Potion            |     2 |     2 |     6 ||    10
   Stab: Invisible         |       |       |     4 ||     4
 Armour: Leather armour    |    34 |       |       ||    34
         Chain mail        |       |    96 |   276 ||   372
  Dodge: Dodged            |    42 |    28 |   208 ||   278
